Map: Magannatha LE

Players

mares

  • Race: Protoss Protoss
  • Spawn Location: 5:00

A.I. 1 (Very Easy) - Winner!

  • Race: Terran Terran
  • Spawn Location: 11:00

VOD

Have the link to the VOD?

Description

Time

  • Played on: June 12, 2025, 2:23 a.m.
  • Length: 4:49
Show
View Real Time Build Order
Export as new Build Order

mares Protoss 

Build Orders: 1 Gate Expand, Dark Templar Rush 

Get SALT Encoding   

  6  0:00  Probe  
  13  0:12  Probe  
  14  0:17  Pylon  
  14  0:24  Probe  
  15  0:35  Probe  
  15  0:37  Gateway  
  15  0:42  Assimilator  
  16  0:43  Probe  
  17  0:51  Probe  
  18  1:03  Probe  
  19  1:15  Probe  
  20  1:25  Nexus  
  20  1:36  Cybernetics Core  
  20  1:42  Assimilator  
  20  1:44  Probe  
  21  1:51  Pylon  
  21  1:56  Probe  
  21  2:00  Stalker  
  22  2:08  Probe  
  25  2:15  Shield Battery  
  25  2:20  Probe  
  26  2:28  Twilight Council  
  26  2:33  Probe  
  27  2:37  Probe  
  27  2:38  Sentry  
  30  2:45  Warp Gate  
  30  2:46  Probe  
  31  2:54  Pylon  
  31  2:57  Probe  
  31  2:58  Probe  
  33  3:10  Probe  
  33  3:12  Robotics Facility  
  35  3:17  Dark Shrine  
  35  3:20  Probe  
  35  3:22  Probe  
  36  3:27  Gateway  
  37  3:39  Gateway  
  36  3:41  Gateway  
  36  3:45  Assimilator  
  36  3:48  Assimilator  
  36  3:50  Probe  
  36  3:52  Warp Prism, Probe  
  40  4:09  Probe x2  
  42  4:15  Pylon  
  42  4:31  Dark Templar x2  
  46  4:36  Probe x2  
  48  4:43  Dark Templar x2  
Show
View Real Time Build Order
Export as new Build Order

A.I. 1 (Very Easy) Terran - Winner!

Build Orders:  

Get SALT Encoding   

  6  0:00  SCV  
  13  0:13  SCV  
  14  0:18  Supply Depot  
  14  0:37  Refinery  
  14  0:42  Barracks  
  14  1:03  Supply Depot  
  14  1:12  Refinery  
  14  1:29  SCV, Marine  
  16  1:41  SCV  
  17  1:53  SCV  
  18  2:05  SCV, Marine  
  20  2:17  SCV  
  21  2:29  SCV  
  22  2:41  Orbital Command, Marine  
  23  4:48  Supply Depot  
Tags
 
Add a new tag
Caveats
  • Supply blocks, unpowered buildings, or Contaminate may cause inaccurate times.
  • Supply counts are checked every 10 seconds.